Map: [ESL] Alcyone

Players

Nicoract

  • Race: Terran Terran
  • Spawn Location: 7:00

GunGFuBanDa - Winner!

  • Race: Protoss Protoss
  • Spawn Location: 1:00

Event: ESL SC2 Masters 2023 Winter (Regional)

VOD

Have the link to the VOD?

Description

Time

  • Played on: Oct. 29, 2023, 10:59 a.m.
  • Length: 18:05

All games in this series

Show
View Real Time Build Order
Export as new Build Order

Nicoract Terran 

Build Orders: Reaper Expand 

Get SALT Encoding   

  12  0:00  SCV  
  13  0:12  SCV  
  14  0:17  Supply Depot  
  14  0:24  SCV  
  15  0:38  SCV  
  15  0:40  Barracks  
  16  0:43  Refinery  
  16  0:50  SCV  
  17  1:02  SCV  
  18  1:14  SCV  
  19  1:27  Orbital Command, Reaper  
  20  1:48  Command Center  
  20  1:53  SCV, Supply Depot  
  21  2:00  Marine  
  22  2:06  SCV  
  23  2:09  Factory  
  23  2:22  Bunker  
  23  2:23  Barracks Reactor, SCV  
  23  2:28  Refinery  
  24  2:35  SCV  
  25  2:47  SCV  
  26  2:54  Hellion  
  26  2:57  Starport  
  28  3:00  Marine x2  
  28  3:01  Orbital Command  
  28  3:04  SCV  
  31  3:16  Hellion  
  31  3:18  Marine x2  
  35  3:22  SCV  
  35  3:24  Supply Depot  
  36  3:27  SCV  
  36  3:34  SCV, Medivac  
  40  3:37  Marine  
  40  3:38  Marine  
  42  3:43  Hellion  
  42  3:45  SCV  
  42  3:46  SCV  
  46  3:50  Supply Depot  
  46  3:56  Marine x2  
  46  3:57  SCV  
  46  3:58  SCV  
  50  4:09  SCV  
  51  4:10  Starport Tech Lab, Factory Tech Lab, SCV  
  51  4:18  Barracks x2, Marine x2  
  51  4:22  SCV x2  
  55  4:26  Supply Depot  
  55  4:29  Raven  
  57  4:31  Interference Matrix  
  57  4:35  Siege Tank  
  57  4:36  SCV  
  57  4:37  SCV  
  62  4:43  Engineering Bay  
  62  4:51  SCV  
  62  4:53  Refinery  
  62  4:55  Supply Depot  
  62  4:56  SCV  
  62  4:59  Marine x2  
  57  5:03  SCV  
  60  5:07  Medivac  
  60  5:12  Barracks Reactor  
  60  5:13  SCV  
  61  5:15  SCV  
  62  5:21  Command Center, Factory Reactor, Supply Depot  
  62  5:23  Terran Infantry Weapons Level 1  
  62  5:31  Marine x2  
  62  5:32  Marine  
  62  5:33  Stimpack  
  63  5:36  SCV x2  
  63  5:39  Refinery  
  63  5:40  Supply Depot  
  65  5:48  SCV x2  
  67  5:54  Marine  
  67  5:55  Marauder, Marine  
  71  6:00  SCV x2  
  73  6:04  Barracks  
  73  6:05  Barracks  
  73  6:08  Combat Shield  
  73  6:09  Marauder  
  75  6:12  SCV x2  
  75  6:13  Medivac x2  
  81  6:22  Marauder, Marine x2  
  83  6:27  Supply Depot, SCV x2  
  83  6:30  Widow Mine x2  
  87  6:33  Supply Depot  
  87  6:39  SCV x2  
  89  6:42  Marauder  
  89  6:43  Marauder  
  89  6:45  Marine x2  
  95  6:51  SCV  
  95  6:53  Orbital Command  
  96  6:55  Barracks Reactor, Barracks Tech Lab  
  96  6:58  SCV  
  97  7:03  SCV  
  97  7:05  Marine  
  97  7:06  Marauder x2, Marine  
  104  7:10  Medivac x2  
  108  7:17  Terran Infantry Armor Level 1, Marauder  
  108  7:20  Starport  
  108  7:21  Supply Depot, SCV x2  
  108  7:22  Supply Depot  
  112  7:24  SCV  
  112  7:26  Marine x2  
  112  7:29  Marauder  
  117  7:33  SCV  
  117  7:35  Marine  
  117  7:36  Marauder, Marine  
  122  7:38  Marauder  
  122  7:39  Refinery  
  122  7:40  Refinery  
  122  7:42  SCV x2  
  126  7:44  Marine  
  126  7:48  Marine  
  128  7:52  Supply Depot, SCV  
  128  7:53  Supply Depot  
  128  7:54  SCV x2  
  131  7:59  Viking x2  
  131  8:02  Viking  
  131  8:03  Viking  
  139  8:07  Marauder  
  139  8:08  Marauder  
  139  8:11  Marauder  
  145  8:13  Marine x4  
  149  8:24  Engineering Bay  
  149  8:25  Armory  
  149  8:26  SCV x3  
  152  8:28  Marine  
  152  8:31  Supply Depot, Marauder, Marine x2  
  152  8:32  Supply Depot  
  155  8:35  Marine  
  155  8:36  Marauder  
  155  8:39  Marine  
  156  8:43  Viking  
  156  8:47  Marauder  
  154  8:49  Marine x2  
  154  8:52  Marauder  
  154  8:53  Viking  
  154  8:54  Viking  
  158  8:57  Viking  
  160  9:03  Ghost Academy  
  160  9:07  Marauder, Marine x2  
  160  9:10  Concussive Shells  
  155  9:17  Marauder, Marine  
  155  9:18  Marine, Marauder  
  158  9:24  Marine  
  158  9:28  Marine, Marauder  
  158  9:29  Sensor Tower  
  161  9:35  Marine  
  162  9:39  Marauder x2  
  162  9:41  Medivac x2  
  162  9:42  Marine  
  169  9:47  Medivac x2  
  169  9:48  Marine  
  169  9:51  Terran Infantry Armor Level 2  
  176  10:03  Command Center, Missile Turret x2  
  176  10:05  Missile Turret  
  180  10:09  Ghost x3  
  180  10:10  Marine  
  181  10:15  Marine x3  
  184  10:22  Supply Depot  
  184  10:23  Supply Depot  
  184  10:24  Medivac x2  
  188  10:29  Marine  
  189  10:37  Barracks  
  189  10:38  Barracks x2  
  189  10:39  SCV x2  
  189  10:43  Ghost  
  189  10:47  Ghost  
  193  10:51  Sensor Tower, Marauder  
  193  10:54  Marine x3  
  198  11:00  Marine  
  195  11:11  Marine  
  195  11:12  Marine x2  
  195  11:13  Marauder  
  195  11:17  Marauder  
  184  11:19  Marine  
  184  11:20  Marine  
  184  11:24  Marine  
  170  11:30  Marauder  
  169  11:34  Marauder  
  169  11:38  Sensor Tower, Marauder, Engineering Bay  
  166  11:43  Marine  
  152  11:48  Marine  
  152  11:50  SCV x2  
  152  11:51  Marauder  
  152  11:52  SCV  
  158  11:56  Marauder  
  158  11:59  Engineering Bay  
  158  12:00  Barracks Tech Lab  
  159  12:01  Sensor Tower  
  159  12:02  SCV x2  
  161  12:11  Marauder  
  150  12:21  Marauder, Marine  
  123  12:29  Marauder  
  119  12:31  Marine x2  
  119  12:32  Marine x2  
  119  12:34  Medivac x2  
  119  12:35  Medivac x2  
  119  12:37  Marauder, Marine  
  129  12:39  Marauder, Marine  
  133  12:46  Engineering Bay x2  
  133  12:47  SCV x3  
  133  12:49  Marine x2, Marauder  
  132  13:04  Medivac x3  
  137  13:06  SCV x2  
  137  13:07  SCV  
  137  13:11  Marauder, Marine  
  137  13:12  Marauder x2  
  144  13:20  Marauder, Marine  
  144  13:21  Command Center  
  141  13:33  Marauder  
  126  13:39  Medivac  
  126  13:40  Medivac  
  123  13:45  Missile Turret  
  123  13:46  SCV x3  
  105  13:57  Marauder  
  107  14:06  Marauder x2, Marine  
  107  14:09  SCV  
  111  14:13  SCV  
  111  14:15  SCV  
  113  14:18  Marine  
  114  14:29  Marine, Marauder x2  
  119  14:31  SCV  
  119  14:37  SCV x2  
  122  14:43  Planetary Fortress  
  122  14:48  Missile Turret  
  122  14:50  SCV  
  123  14:53  SCV  
  123  14:55  SCV  
  125  15:01  Ghost  
  125  15:03  Marine  
  125  15:04  Marauder  
  130  15:13  Ghost x2  
  106  15:14  Marine x2  
  106  15:16  Marine  
  107  15:26  Armory  
  107  15:27  Ghost  
  106  15:29  Ghost  
  103  15:37  Barracks Tech Lab  
  103  15:42  Ghost  
  105  15:45  Marauder, Marine x4  
  111  15:55  Barracks Tech Lab  
  111  15:56  Sensor Tower  
  113  15:57  Marauder  
  113  15:58  Marine  
  113  16:02  Marine, Marauder  
  113  16:03  Marine x2  
  119  16:06  Marauder  
  119  16:11  Marauder, Marine  
  123  16:16  Marauder  
  123  16:18  Marauder  
  128  16:19  Sensor Tower  
  128  16:20  Marine  
  128  16:23  Marauder  
  117  16:43  Marauder  
  117  16:44  Marauder, Marine  
  122  16:48  Refinery  
  122  16:49  Refinery  
  122  16:50  Marauder x3, Marine  
  122  16:51  Marauder, Marine  
  132  16:56  Marine  
  133  17:01  Marine  
  133  17:04  Marauder  
  134  17:16  Marauder x2  
  134  17:17  Viking x2  
  134  17:20  Viking  
  143  17:28  Viking  
  149  17:37  Marauder x2  
  149  17:41  Marauder  
  151  17:44  Marine  
Show
View Real Time Build Order
Export as new Build Order

GunGFuBanDa Protoss - Winner!

Build Orders: 1 Gate Expand, Blink Stalkers 

Get SALT Encoding   

  12  0:00  Probe  
  13  0:12  Probe  
  14  0:17  Pylon  
  14  0:24  Probe (Chrono Boost)  
  16  0:36  Gateway  
  16  0:37  Probe (Chrono Boost)  
  16  0:42  Probe (Chrono Boost)  
  16  0:45  Assimilator  
  17  0:51  Probe  
  18  1:03  Probe  
  19  1:15  Probe  
  20  1:23  Cybernetics Core  
  20  1:31  Nexus  
  20  1:34  Probe  
  21  1:41  Pylon  
  21  1:46  Probe  
  22  1:55  Assimilator  
  22  1:58  Probe, Adept (Chrono Boost)  
  25  2:03  Warp Gate  
  25  2:11  Probe  
  28  2:25  Probe (Chrono Boost)  
  28  2:29  Stalker  
  29  2:36  Probe (Chrono Boost)  
  30  2:42  Probe (Chrono Boost)  
  30  2:43  Twilight Council  
  30  2:44  Probe (Chrono Boost)  
  32  2:55  Probe (Chrono Boost)  
  32  2:56  Probe (Chrono Boost)  
  34  2:59  Probe (Chrono Boost), Stalker  
  37  3:06  Gateway  
  36  3:13  Blink (Chrono Boost)  
  36  3:16  Probe x2  
  38  3:24  Pylon  
  38  3:28  Probe  
  38  3:31  Probe  
  38  3:33  Robotics Facility  
  40  3:40  Probe  
  41  3:43  Probe  
  41  3:47  Assimilator  
  42  3:52  Probe  
  42  3:54  Sentry  
  44  3:56  Probe  
  44  4:00  Stalker  
  47  4:04  Probe  
  47  4:08  Probe  
  49  4:13  Nexus  
  47  4:21  Stalker  
  47  4:24  Stalker  
  51  4:25  Probe  
  51  4:26  Probe  
  51  4:30  Pylon  
  53  4:35  Observer, Pylon  
  54  4:48  Probe x2  
  54  4:49  Stalker x2  
  60  5:04  Probe (Chrono Boost)  
  62  5:07  Observer  
  62  5:08  Probe (Chrono Boost)  
  64  5:14  Probe (Chrono Boost)  
  64  5:18  Probe (Chrono Boost)  
  64  5:19  Robotics Bay, Probe (Chrono Boost)  
  64  5:20  Forge  
  66  5:21  Pylon  
  66  5:28  Probe  
  66  5:30  Probe (Chrono Boost)  
  66  5:31  Shield Battery  
  66  5:34  Probe (Chrono Boost)  
  67  5:36  Stalker  
  67  5:37  Stalker  
  67  5:39  Charge  
  73  5:42  Probe (Chrono Boost)  
  73  5:45  Probe (Chrono Boost)  
  73  5:46  Probe (Chrono Boost)  
  73  5:47  Protoss Ground Weapons Level 1  
  73  5:51  Probe (Chrono Boost)  
  73  5:52  Probe (Chrono Boost)  
  73  5:54  Probe (Chrono Boost)  
  73  5:56  Probe  
  76  6:01  Pylon, Probe  
  78  6:04  Probe  
  78  6:05  Pylon  
  78  6:07  Zealot x2  
  78  6:08  Probe, Colossus (Chrono Boost)  
  90  6:13  Pylon, Probe  
  90  6:16  Probe  
  90  6:17  Assimilator  
  92  6:20  Probe  
  92  6:25  Probe  
  94  6:27  Pylon  
  94  6:28  Probe  
  94  6:30  Extended Thermal Lance  
  95  6:35  Probe  
  95  6:39  Gateway x2  
  96  6:41  Gateway x2  
  96  6:46  Gateway  
  96  6:47  Gateway  
  96  6:51  Colossus (Chrono Boost)  
  102  7:06  Stalker x2  
  102  7:07  Pylon  
  106  7:11  Probe  
  106  7:12  Photon Cannon  
  107  7:17  Probe  
  107  7:18  Pylon  
  107  7:19  Pylon  
  107  7:20  Photon Cannon  
  108  7:25  Assimilator  
  108  7:32  Pylon  
  108  7:34  Colossus (Chrono Boost)  
  114  7:44  Stalker  
  114  7:45  Zealot, Stalker x3  
  114  7:46  Protoss Ground Weapons Level 2 (Chrono Boost), Zealot x2  
  114  7:50  Pylon  
  128  7:51  Pylon  
  128  7:53  Photon Cannon  
  128  7:54  Probe  
  129  7:59  Forge  
  129  8:12  Pylon  
  129  8:13  Zealot x8  
  129  8:16  Templar Archives  
  129  8:19  Pylon  
  142  8:39  Zealot  
  142  8:40  Zealot x2  
  139  8:51  Probe x2  
  139  8:54  Zealot x2, Pylon  
  139  8:55  Zealot x3  
  151  9:00  Warp Prism (Chrono Boost)  
  154  9:10  Probe x2  
  154  9:12  Pylon  
  154  9:16  Zealot x8  
  155  9:31  Nexus  
  155  9:35  Pylon  
  155  9:36  Sentry  
  155  9:37  High Templar x4  
  165  9:41  Archon x2  
  165  9:43  Disruptor (Chrono Boost)  
  147  9:52  Pylon  
  151  9:53  Zealot x2  
  151  9:54  Protoss Ground Weapons Level 3 (Chrono Boost)  
  151  9:55  Zealot  
  151  9:56  Observer  
  151  9:58  Probe x2  
  151  9:59  Probe  
  160  10:02  Shield Battery  
  160  10:04  Photon Cannon  
  160  10:07  Robotics Facility  
  160  10:10  Probe x2  
  160  10:12  Disruptor  
  166  10:16  Protoss Ground Armor Level 1 (Chrono Boost)  
  164  10:26  High Templar  
  164  10:27  High Templar, Zealot x3  
  174  10:28  Probe  
  174  10:29  Probe  
  174  10:30  Probe  
  174  10:32  Archon  
  175  10:40  Probe  
  175  10:41  Probe  
  175  10:42  Probe  
  178  10:45  Dark Shrine, Gateway  
  178  10:46  Assimilator  
  178  10:47  Gateway  
  178  10:51  Disruptor (Chrono Boost)  
  186  10:59  Disruptor (Chrono Boost)  
  164  11:13  Zealot x5  
  164  11:14  Zealot x3  
  164  11:18  Probe x2  
  182  11:27  Disruptor (Chrono Boost)  
  182  11:31  Disruptor (Chrono Boost)  
  156  11:51  Zealot x9  
  173  12:00  Disruptor (Chrono Boost)  
  174  12:04  Nexus  
  174  12:05  Probe (Chrono Boost)  
  174  12:07  Protoss Ground Armor Level 2 (Chrono Boost)  
  180  12:08  Disruptor (Chrono Boost)  
  134  12:31  Disruptor (Chrono Boost)  
  134  12:36  Zealot x5  
  132  12:37  Dark Templar  
  132  12:44  Zealot x4  
  136  12:46  Disruptor (Chrono Boost)  
  138  13:04  Disruptor (Chrono Boost)  
  138  13:05  Sentry, Zealot x2  
  140  13:16  Disruptor (Chrono Boost)  
  136  13:32  Disruptor (Chrono Boost)  
  124  13:46  Observer, Zealot x10  
  126  13:58  Disruptor (Chrono Boost)  
  126  14:05  Disruptor (Chrono Boost)  
  130  14:11  Zealot x9  
  148  14:19  Dark Templar  
  150  14:26  Disruptor  
  150  14:29  Observer  
  150  14:33  Dark Templar  
  150  14:34  Zealot x4  
  160  14:41  Sentry, Zealot  
  164  15:04  Nexus, Dark Templar  
  162  15:16  Probe  
  162  15:17  Protoss Ground Armor Level 3 (Chrono Boost)  
  162  15:19  Protoss Shields Level 1 (Chrono Boost)  
  163  15:27  Colossus (Chrono Boost)  
  163  15:34  Colossus (Chrono Boost)  
  163  15:35  Pylon  
  167  15:54  Assimilator  
  167  15:57  Shield Battery  
  167  16:00  Photon Cannon  
  167  16:13  Warp Prism (Chrono Boost)  
  167  16:17  Stalker x10  
  190  16:20  Observer (Chrono Boost)  
  186  16:38  Archon  
  186  16:43  Gravitic Boosters  
  184  16:48  Nexus  
  184  16:49  Photon Cannon, Pylon  
  184  16:50  Shield Battery  
  184  17:05  Zealot x8  
  195  17:33  Photon Cannon x2  
  195  17:36  Shield Battery  
  195  17:38  Pylon  
  161  18:00  Dark Templar  
  161  18:01  Dark Templar x2, Zealot  
  161  18:02  Zealot x6  
Tags
 
Add a new tag
Caveats
  • Supply blocks, unpowered buildings, or Contaminate may cause inaccurate times.
  • Supply counts are checked every 10 seconds.